 Dungeon Crawl Stone Soup version 0.23-a0-556-g351818a (webtiles) character file.

746 zishaf the Ducker (level 7, 0/55 HPs)
             Began as a Merfolk Ice Elementalist on Dec 11, 2018.
             Was an Initiate of Fedhas.
             Slain by a centaur (7 damage)
             ... on level 5 of the Dungeon.
             The game lasted 00:10:51 (6028 turns).

zishaf the Ducker (Merfolk Ice Elementalist)        Turns: 6028, Time: 00:10:52

Health: 0/55       AC:  4    Str: 10    XL:     7   Next: 77%
Magic:  10/10      EV: 15    Int: 14    God:    Fedhas [......]
Gold:   272        SH:  0    Dex: 15    Spells: 8/11 levels left

rFire    . . .     SeeInvis .   B - +0 trident
rCold    . . .     Gourm    .   (no shield)
rNeg     . . .     Faith    .   o - +0 leather armour
rPois    .         Spirit   .   y - +0 helmet
rElec    .         Reflect  .   (no cloak)
rCorr    .         Harm     .   (no gloves)
MR       .....                  (no boots)
Stlth    ++........             (no amulet)
HPRegen  0.18/turn              v - ring of flight
MPRegen  0.12/turn              (no ring)

@: no status effects
A: change form in water, swift swim, stealthy swim
a: Fungal Bloom, Renounce Religion, Evoke Flight


You were on level 5 of the Dungeon.
You worshipped Fedhas.
Fedhas was noncommittal.
You were not hungry.

You visited 2 branches of the dungeon, and saw 6 of its levels.

You collected 272 gold pieces.

Inventory:

Hand Weapons
 h - a +1 short sword of speed
 B - a +0 trident (weapon)
Missiles
 q - a throwing net (quivered)
Armour
 a - a +0 robe
 o - a +0 leather armour (worn)
 y - a +0 helmet (worn)
Jewellery
 v - a ring of flight (left hand)
Wands
 u - a wand of iceblast (6)
Scrolls
 b - 3 scrolls of blinking {unknown}
 e - 2 scrolls of enchant armour {unknown}
 i - 4 scrolls of teleportation {unknown}
 j - 2 scrolls of enchant weapon {unknown}
 k - 3 scrolls of identify {unknown}
 m - 6 scrolls of remove curse {unknown}
 s - a scroll of fog {unknown}
 x - a scroll of fear {unknown}
Potions
 f - a potion of haste {unknown}
 g - 6 potions of curing {unknown}
 l - a potion of agility {unknown}
 n - a potion of flight {unknown}
 p - a potion of mutation {unknown}
 t - a potion of berserk rage {unknown}
 w - a potion of heal wounds {unknown}
 A - a potion of might {unknown}
Comestibles
 c - 7 rations


   Skills:
 + Level 4.3 Fighting
 * Level 2.1 Polearms
 + Level 6.0 Dodging
 - Level 4.0 Stealth
 * Level 2.5 Spellcasting
 - Level 2.0 Conjurations
 + Level 5.2 Ice Magic


You had 8 spell levels left.
You knew the following spells:

 Your Spells              Type           Power        Failure   Level  Hunger
a - Freeze                Ice            ###.         3%          1    #......
b - Throw Frost           Conj/Ice       ##....       11%         2    ###....

Your spell library contained the following spells:

 Spells                   Type           Power        Failure   Level  Hunger
 Ozocubu's Armour         Chrm/Ice       #.......     30%         3    ###....
 Throw Icicle             Conj/Ice       ##......     56%         4    #####..
 Summon Ice Beast         Ice/Summ       #.......     71%         4    #####..


Dungeon Overview and Level Annotations

Branches:
Dungeon (5/15)             Temple (1/1) D:5

Altars:
Ashenzari
Cheibriados
Dithmenos
Fedhas
Gozag
Hepliaklqana
Kikubaaqudgha
Makhleb
Nemelex Xobeh
Okawaru
Qazlal
Ru
Sif Muna
Wu Jian
Xom
Yredelemnul
The Shining One


Message History

You barely miss the ogre.
The ogre is severely wounded.
The ogre hits you with a +0 giant club!
* * * LOW HITPOINT WARNING * * *
You puncture the ogre!
You kill the ogre!
Your Polearms skill increases to level 2!
Your Dodging skill increases to level 6!
The centaur wields a +0 shortbow.
The centaur shoots an arrow.
The arrow hits you.
* * * LOW HITPOINT WARNING * * *
The centaur unwields a +0 shortbow.
The centaur hits you but does no damage.
The centaur closely misses you.
You see here a +0 giant club.
You hit the centaur but do no damage. The centaur hits you.
* * * LOW HITPOINT WARNING * * *
The centaur hits you!
You die...
Fedhas appreciates your contribution to the ecosystem.

.........### #..)......>#
###.....# #..........#
#.....# #..........#
#.....# #.....<....#
###...# #..........#
#.#.##### ##..........#
#...##..# ##...........#
##..##.######.............#
#.....##c@(###+####.######
#.##..##.###.....##.#
#.###......#.⌠.⌠.##.#
#..##.#..#.'..>..'..#
##.##...####.⌠.⌠.#.##
#.#..#..# #.....###
#.#..##.# ###'### #....##.#
#....# #.##.##.# #.####


You could see a centaur.

Vanquished Creatures
  A phantom (D:5)
  An ogre (D:5)
  A bullfrog (D:3)
  A water moccasin zombie (D:5)
  An orc priest (D:4)
  3 hounds
  4 orc wizards
  A bullfrog skeleton (D:5)
  3 worker ants
  4 adders
  2 oozes
  An adder skeleton (D:3)
  A dart slug (D:1)
  4 leopard geckos
  8 orcs
  2 giant cockroaches
  9 goblins
  5 hobgoblins
  12 jackals
  6 kobolds
  A quokka (D:2)
  5 ball pythons (D:1)
  4 bats
  4 frilled lizards
  2 rats
86 creatures vanquished.

Vanquished Creatures (others)
  2 toadstools (D:5)
2 creatures vanquished.

Grand Total: 88 creatures vanquished

Notes
Turn   | Place    | Note
-------+----------+-------------------------------------------
     0 | D:1      | zishaf the Merfolk Ice Elementalist began the quest for the
                  | Orb.
     0 | D:1      | Reached XP level 1. HP: 13/13 MP: 3/3
    90 | D:1      | Reached XP level 2. HP: 2/20 MP: 0/5
   231 | D:1      | Reached skill level 3 in Dodging
   694 | D:1      | Reached skill level 1 in Fighting
   810 | D:1      | Reached XP level 3. HP: 26/26 MP: 6/6
  1150 | D:1      | Learned a level 2 spell: Throw Frost
  1651 | D:2      | Reached XP level 4. HP: 32/32 MP: 7/7
  1954 | D:2      | Found a shattered altar of Ashenzari.
  2231 | D:3      | Reached XP level 5. HP: 13/38 MP: 8/8
  2238 | D:3      | Reached skill level 4 in Dodging
  3102 | D:3      | Reached skill level 1 in Conjurations
  3875 | D:3      | Reached XP level 6. HP: 14/46 MP: 9/9
  4961 | D:3      | Reached skill level 5 in Dodging
  5109 | D:4      | Reached XP level 7. HP: 31/52 MP: 10/10
  5406 | D:5      | Entered Level 5 of the Dungeon
  5416 | D:5      | Reached skill level 5 in Ice Magic
  5430 | D:5      | Found a staircase to the Ecumenical Temple.
  5441 | Temple   | Entered the Ecumenical Temple
  5481 | Temple   | Became a worshipper of Fedhas Madash
  5863 | D:5      | Reached skill level 1 in Polearms
  6026 | D:5      | Reached skill level 6 in Dodging
  6028 | D:5      | Slain by a centaur

Vault maps used:
D:1:      dpeg_arrival_fog, minmay_shallow_snake_nest
D:2:      lemuel_doored_altar
D:4:      first_ration, minmay_goblin_kobold_house
D:5:      minmay_temple_entry_hall, minmay_checkerbox
Temple:   compressed_dpeg_circular_temple

Skill      XL: |  1  2  3  4  5  6  7 |
---------------+----------------------+-----
Dodging        | 3 4 5 6 |  6.0
Stealth        | 3 4 |  4.0
Fighting       | 1 2 3 4 |  4.3
Ice Magic      | 4 5 |  5.2
Conjurations   | 1 2 |  2.0
Polearms       | 2 |  2.1
Spellcasting   | |  2.5

Action                   |  1- 3 |  4- 6 |  7- 9 || total
-------------------------+-------+-------+-------++-------
Melee: Dagger            |    28 |       |       ||    28
       Short sword       |    81 |   171 |    57 ||   309
       Trident           |       |       |    53 ||    53
 Cast: Freeze            |    21 |    12 |     4 ||    37
Invok: Fungal Bloom      |       |       |     1 ||     1
  Use: Potion            |       |       |     3 ||     3
 Stab: Sleeping          |     2 |     7 |     1 ||    10
       Distracted        |       |       |     1 ||     1
  Eat: Chunk             |     3 |    11 |     1 ||    15
       Ration            |       |       |     1 ||     1
Armor: Robe              |    23 |     2 |       ||    25
       Leather armour    |       |    15 |    10 ||    25
       Skin              |       |       |    10 ||    10
Dodge: Dodged            |    82 |   104 |    64 ||   250

Table legend:
 A = Non-vault XP
 B = Vault XP
 C = Vault XP percentage of total XP
 D = Non-vault monster count
 E = Vault monster count
 F = Vault count percentage of total count
                 A         B        C        D         E       F
            +---------+---------+-------+---------+---------+-------
      Total |     938 |     128 |  12.0 |      78 |       8 |   9.3
            +---------+---------+-------+---------+---------+-------
        D:1 |      47 |       8 |  14.5 |      25 |       5 |  16.7
        D:2 |      89 |       0 |   0.0 |      11 |       0 |   0.0
        D:3 |     319 |       0 |   0.0 |      24 |       0 |   0.0
        D:4 |     155 |       4 |   2.5 |      11 |       2 |  15.4
        D:5 |     328 |     116 |  26.1 |       7 |       1 |  12.5
            +---------+---------+-------+---------+---------+-------
